 Dungeon Crawl Stone Soup version bcrawl-1.14 (webtiles) character file.

Game seed: 17926465896086849682

10962 MisterOstroum the Destroyer (level 11, 80/80 HPs)
             Began as a Fairy Fire Elementalist on Sept 15, 2019.
             Was an Initiate of Gozag.
             Quit the game on level 7 of the Dungeon on Sept 16, 2019.
             The game lasted 00:31:54 (7972 turns).

MisterOstroum the Destroyer (FrFE)                  Turns: 7972, Time: 00:31:54

Health: 80/80      AC: 11    Str:  6    XL:     11   Next: 70%
Magic:  15/20      EV: 32    Int: 22    God:    Gozag
Gold:   1416       SH:  6    Dex: 23    Spells: 7/20 levels left

rFire    . . .     SeeInvis .   a - +1 dagger (chaos)
rCold    . . .     Gourm    .   (shield restricted)
rNeg     . . .     Faith    .   (armour unavailable)
rPois    +         Spirit   .   E - +0 helmet
rElec    .         Reflect  .   P - +1 cloak
rCorr    .         Harm     .   A - +0 pair of gloves
MR       +....                  B - +0 pair of boots
Stlth    ++........             b - amulet of magic regeneration
HPRegen  0.23/turn              v - +5 ring of dexterity (curse)
MPRegen  0.42/turn              J - ring of poison resistance

@: agile, gold aura, flying evasively, hasted, very quick
A: small, magic attunement, unstealthy, unfitting armour, able to fly, AC/SH +6
a: Stop Flying, Potion Petition, Call Merchant, Bribe Branch, Renounce Religion


You were on level 7 of the Dungeon.
You worshipped Gozag.
Gozag was most pleased with you.
You were not hungry.

You visited 1 branch of the dungeon, and saw 9 of its levels.

You collected 1745 gold pieces.
You spent 268 gold pieces at shops.
You paid 61 gold pieces to Gozag.

Inventory:

Hand Weapons
 a - a +1 dagger of chaos (weapon)
 d - a +0 short sword
 R - a +0 spear
Missiles
 g - 1491 stones (quivered)
 L - 108 tomahawks
 Q - 42 tomahawks of dispersal
Armour
 A - a +0 pair of gloves (worn)
 B - a +0 pair of boots (worn)
 E - a +0 helmet (worn)
 P - a +1 cloak (worn)
Jewellery
 b - an amulet of magic regeneration (around neck)
 v - a cursed +5 ring of dexterity (left hand)
 w - a +3 amulet of reflection
 J - a ring of poison resistance (right hand)
Wands
 z - a wand of polymorph (13)
 D - a wand of digging (4)
 F - a wand of flame (25)
 G - a wand of disintegration (12)
 N - a wand of iceblast (5)
Scrolls
 f - 3 scrolls of fear {!r}
 i - 8 scrolls of identify {@r1}
 j - 4 scrolls of magic mapping {unknown}
 n - 5 scrolls of remove curse {unknown}
 q - 3 scrolls of blinking {unknown}
 s - a scroll of noise {unknown}
 u - 2 scrolls of teleportation {unknown}
 y - 2 scrolls of enchant armour {unknown}
 H - 3 scrolls of enchant weapon {unknown}
 I - 2 scrolls of amnesia {unknown}
 O - a scroll of immolation {unknown}
Potions
 c - 5 potions of degeneration {unknown}
 h - 4 potions of curing {unknown}
 k - 2 potions of ambrosia {unknown}
 l - 2 potions of invisibility {unknown}
 m - a potion of brilliance {unknown}
 o - 2 potions of mutation {unknown}
 p - 4 potions of lignification {unknown}
 r - a potion of might {unknown}
 t - 2 potions of berserk rage {unknown}
 x - a potion of agility {unknown}
 C - a potion of cancellation {unknown}
 K - 2 potions of haste {unknown}
 M - a potion of magic {unknown}
Comestibles
 e - 16 rations {!d}


   Skills:
 + Level 9.1 Fighting
 - Level 10.0 Dodging
 - Level 1.5 Stealth
 - Level 5.0 Spellcasting
 - Level 11.0 Conjurations
 - Level 11.0 Fire Magic
 - Level 2.0 Evocations


You had 7 spell levels left.
You knew the following spells:

 Your Spells              Type           Power        Failure   Level  Hunger
a - Flame Tongue          Conj/Fire      #####        1%          1    None
b - Fireball              Conj/Fire      ######....   3%          5    None
c - Conjure Flame         Conj/Fire      ######..     1%          3    None
d - Sticky Flame          Conj/Fire      ######..     1%          4    None

Your spell library contained the following spells:

 Spells                   Type           Power        Failure   Level  Hunger
 Inner Flame              Hex/Fire       N/A          3%          3    None
 Ensorcelled Hibernation  Hex/Ice        #.....       16%         2    None
 Borgnjor's Vile Clutch   Necr/Erth      #.........   100%        6    None
 Darkness                 Hex            #.........   100%        6    None
 Shadow Creatures         Summ           N/A          100%        6    None
 Time Stop                Chrm/Tloc      N/A          100%        8    None


Dungeon Overview and Level Annotations

Branches:
Dungeon (9/12)             Temple (0/1) D:4            Lair (0/6) D:7
    Orc: D:8-11

Altars:
Cheibriados
Gozag
Hepliaklqana
Makhleb
Okawaru
Sif Muna
Vehumet
The Shining One

Shops:
D:4 [   D:5 *

Annotations:
D:2 Jessica
D:5 2 transporters, endorz's ghost, novice GnWz


Innate Abilities, Weirdness & Mutations

Your spells do not cause hunger and MP costs are reduced by 1.
Your bright wings attract enemies. (Stealth-)
You cannot fit into any form of body armour.
Your shimmering scales are hard and can block incoming attacks. (AC +6, SH +6)
You are small and have problems with some larger weapons.
You can fly continuously.


Message History

Aiming: Conjure Flame (safe; 1% risk of failure)
Press: ? - help, Dir - move target cursor, f - you
Okay, then.
Casting: Conjure Flame (safe; 1% risk of failure)
Confirm with . or Enter, or press ? or * to list all spells.
Aiming: Conjure Flame (safe; 1% risk of failure)
Press: ? - help, Dir - move target cursor The fire ignites!
Press: ? - help, v - describe, . - travel An open door.
There is a cloud of flame here.
Casting: Conjure Flame (safe; 1% risk of failure)
Confirm with . or Enter, or press ? or * to list all spells.
Aiming: Flame Tongue (safe; 1% risk of failure)
Press: ? - help, Shift-Dir - straight line, f - gargoyle
Aim: a gargoyle, wielding a +0 mace The flame tongue hits the gargoyle.
The gargoyle is moderately damaged.
Casting: Flame Tongue (safe; 1% risk of failure)
Confirm with . or Enter, or press ? or * to list all spells.
Aiming: Fireball (safe; 3% risk of failure)
Press: ? - help, Shift-Dir - straight line, f/p - gargoyle
Aim: a gargoyle, wielding a +0 mace (moderately damaged)
The fireball explodes!
The fireball engulfs the gargoyle.
The gargoyle is heavily damaged.
You hear a bellow!
Casting: Fireball (safe; 3% risk of failure)
Confirm with . or Enter, or press ? or * to list all spells.
Aiming: Fireball (safe; 3% risk of failure)
Press: ? - help, Shift-Dir - straight line, f/p - gargoyle
Aim: a gargoyle, wielding a +0 mace (heavily damaged)
The fireball explodes!
The fireball engulfs the gargoyle.
The gargoyle is almost destroyed.
Casting: Fireball (safe; 3% risk of failure)
Confirm with . or Enter, or press ? or * to list all spells.
Aiming: Flame Tongue (safe; 1% risk of failure)
Press: ? - help, Shift-Dir - straight line, f/p - gargoyle
Aim: a gargoyle, wielding a +0 mace (almost destroyed)
The flame tongue hits the gargoyle.
The gargoyle appears unharmed.
The gargoyle is almost destroyed.
Casting: Flame Tongue (safe; 1% risk of failure)
Confirm with . or Enter, or press ? or * to list all spells.
Aiming: Flame Tongue (safe; 1% risk of failure)
Press: ? - help, Shift-Dir - straight line, f/p - gargoyle
Aim: a gargoyle, wielding a +0 mace (almost destroyed)
The flame tongue hits the gargoyle.
You destroy the gargoyle!
Your Fighting skill increases to level 9!
There is an open door here.
You now have 1416 gold pieces (gained 5).
You see here a +0 mace.
A centaur comes into view. It is wielding a +0 whip.
The centaur shouts!
A centaur is nearby!
Casting: Flame Tongue (safe; 1% risk of failure)
Confirm with . or Enter, or press ? or * to list all spells.
Aiming: Fireball (safe; 3% risk of failure)
Press: ? - help, Shift-Dir - straight line, f - centaur
Aim: a centaur, wielding a +0 whip The fireball explodes!
The fireball engulfs the centaur.
The centaur is almost dead.
You hear an angry squeal. x2
The centaur unwields a +0 whip.
The centaur wields a +0 shortbow.
The centaur shoots an arrow.
You block the arrow.
You hear a shout!
Casting: Fireball (safe; 3% risk of failure)
Confirm with . or Enter, or press ? or * to list all spells.
Aiming: Fireball (safe; 3% risk of failure)
Press: ? - help, Shift-Dir - straight line, f/p - centaur
Aim: a centaur, wielding a +0 shortbow (almost dead)
The fireball explodes!
The fireball engulfs the centaur.
You kill the centaur!
You hear an angry squeal. x2; You hear a bellow!
The hornet is too close now for your liking. [a] - 0 gold - flight, agility and invisibility [b] - 0 gold - haste and agility [c] - 0 gold - heal wounds, magic, resistance and flight Purchase which effect? [a] - 0 gold - flight, agility and invisibility [b] - 0 gold - haste and agility [c] - 0 gold - heal wounds, magic, resistance and flight Purchase which effect? [a] - 0 gold - flight, agility and invisibility [b] - 0 gold - haste and agility [c] - 0 gold - heal wounds, magic, resistance and flight Purchase which effect? [a] - 0 gold - flight, agility and invisibility [b] - 0 gold - haste and agility [c] - 0 gold - heal wounds, magic, resistance and flight Purchase which effect? [a] - 0 gold - flight, agility and invisibility [b] - 0 gold - haste and agility [c] - 0 gold - heal wounds, magic, resistance and flight Purchase which effect?
You feel yourself speed up.
You feel agile all of a sudden.
The hornet buzzes angrily.
Wield which item (- for none, * to show all)? (? for menu, Esc to quit)
Okay, then.
Are you sure you want to abandon this character and quit the game? (Confirm with "yes".)

...# #..# #.# #..#
#.#
#..###+###.###+##
##.)'.......(.....
#
#...###'###.###'##
# #...# #.# #.#
#.# # #...#
#.###.###.# # #
#@..# #...'.'...#
..# ....###>..#
#####.##### ....
......$$..# #.#
.... .....$..#$#
#+# ...#
.......$#... #.##
...[.$......>. .#
.....y..........
.....>.........#
...............#


You could see a hornet.

Vanquished Creatures
  A hydra (D:7)
  Psyche (D:8)
  A two-headed ogre (D:7)
  An ogre mage (D:7)
  An ugly thing (D:6)
  A gargoyle (D:7)
  Grinder (D:6)
  A harpy skeleton (D:6)
  Prince Ribbit (D:6)
  2 hippogriffs (D:9)
  9 yaks (D:8)
  A wraith (D:7)
  2 hungry ghosts
  A water moccasin (D:6)
  2 porcupines (D:7)
  2 black bears (D:7)
  4 orc warriors
  4 ice beasts
  4 phantoms
  3 sky beasts
  3 ogres
  2 centaurs (D:7)
  A crocodile (D:7)
  3 big kobolds
  5 bullfrogs
  2 gnoll sergeants
  A wyvern skeleton (D:9)
  7 killer bees
  6 scorpions
  A water moccasin skeleton (D:8)
  4 wights (D:8)
  2 howler monkeys
  A crimson imp (D:6)
  4 hounds
  2 jellies
  A centaur skeleton (D:7)
  3 iguanas
  An orc priest (D:8)
  5 orc wizards
  Ijyb (D:3)
  2 worker ants
  A killer bee zombie (D:5)
  A hound zombie (D:9)
  A hound skeleton (D:5)
  16 gnolls
  6 adders
  A howler monkey skeleton (D:4)
  A shadow imp (D:5)
  3 oozes
  An adder skeleton (D:6)
  2 worms
  7 dart slugs
  4 leopard geckos
  27 orcs
  A ball python (D:2)
  3 bats (D:1)
  6 giant cockroaches
  9 goblins
  7 hobgoblins
  6 jackals (D:1)
  27 kobolds
  A quokka (D:2)
  5 frilled lizards
  A jackal zombie (D:3)
  7 rats
244 creatures vanquished.

Vanquished Creatures (others)
  7 fungi (D:7)
  3 plants (D:7)
10 creatures vanquished.

Grand Total: 254 creatures vanquished

Notes
Turn   | Place    | Note
-------+----------+-------------------------------------------
     0 | D:1      | MisterOstroum the Fairy Fire Elementalist began the quest
                  | for the Orb.
     0 | D:1      | Reached XP level 1. HP: 11/11 MP: 6/6
    32 | D:1      | Reached XP level 2. HP: 13/17 MP: 7/7
   405 | D:1      | Reached XP level 3. HP: 21/21 MP: 9/9
   927 | D:2      | Learned a level 3 spell: Conjure Flame
  1000 | D:2      | Reached XP level 4. HP: 27/27 MP: 10/10
  1142 | D:2      | Found a shimmering blue altar of Sif Muna.
  1514 | D:2      | Found a glowing golden altar of the Shining One.
  1544 | D:2      | Noticed Jessica
  1830 | D:3      | Reached skill level 5 in Fire Magic
  1830 | D:3      | Reached XP level 5. HP: 32/32 MP: 7/11
  1869 | D:3      | Reached skill level 1 in Fighting
  1900 | D:3      | Reached skill level 5 in Conjurations
  2266 | D:3      | Found an opulent altar of Gozag.
  2269 | D:3      | Noticed Ijyb
  2297 | D:3      | Killed Ijyb
  2297 | D:3      | Reached XP level 6. HP: 40/40 MP: 9/12
  2310 | D:3      | Became a worshipper of Gozag Ym Sagoz the Greedy
  2643 | D:4      | Found Xikli's Armour Shop.
  2651 | D:4      | Bought a +0 pair of gloves for 63 gold pieces
  3001 | D:4      | Found a staircase to the Ecumenical Temple.
  3188 | D:5      | Entered Level 5 of the Dungeon
  3235 | D:5      | Found Lethasim's Assorted Antiques.
  3245 | D:5      | Bought a shiny copper wand for 104 gold pieces
  3245 | D:5      | Bought a pink potion for 23 gold pieces
  3245 | D:5      | Bought a scroll labeled JYKKILI VOCVY for 26 gold pieces
  3245 | D:5      | Bought a scroll labeled ITWEN LIZIUJA for 26 gold pieces
  3245 | D:5      | Bought a scroll labeled TAENKI FOCLIHOMN for 26 gold pieces
  3290 | D:5      | Noticed a hungry ghost
  3407 | D:5      | Killed a hungry ghost
  3407 | D:5      | Reached XP level 7. HP: 46/46 MP: 12/15
  3459 | D:5      | Found a burning altar of Makhleb.
  3984 | D:5      | Reached skill level 5 in Spellcasting
  4254 | D:5      | Reached XP level 8. HP: 52/52 MP: 17/17
  4309 | D:5      | Noticed endorz's ghost (novice GnWz)
  4366 | D:5      | Found a transporter.
  4371 | D:5      | Found a transporter.
  4406 | D:5      | Learned a level 5 spell: Fireball
  4600 | D:6      | Noticed a brown ugly thing
  4621 | D:6      | Killed a brown ugly thing
  4666 | D:6      | Reached XP level 9. HP: 5/60 MP: 18/18
  4980 | D:6      | Reached skill level 5 in Fighting
  5058 | D:6      | Learned a level 4 spell: Sticky Flame
  5145 | D:6      | Found a radiant altar of Vehumet.
  5313 | D:6      | Noticed Prince Ribbit
  5317 | D:6      | Killed Prince Ribbit
  5660 | D:6      | Noticed Grinder
  5668 | D:6      | Killed Grinder
  5972 | D:7      | Reached skill level 1 in Evocations
  5982 | D:7      | Reached skill level 10 in Conjurations
  5999 | D:6      | Reached skill level 10 in Fire Magic
  6084 | D:7      | Noticed a four-headed hydra
  6088 | D:7      | Reached XP level 10. HP: 66/66 MP: 1/19
  6095 | D:7      | Killed a four-headed hydra
  6182 | D:7      | Noticed a two-headed ogre
  6187 | D:7      | Killed a two-headed ogre
  6187 | D:7      | Reached skill level 5 in Dodging
  6255 | D:7      | Found a staircase to the Lair.
  6373 | D:7      | Found a hazy altar of Hepliaklqana.
  6453 | D:8      | Noticed Psyche
  6874 | D:8      | Found a snail-covered altar of Cheibriados.
  6904 | D:8      | Reached XP level 11. HP: 74/74 MP: 10/20
  7030 | D:8      | Found an iron altar of Okawaru.
  7181 | D:8      | Killed Psyche
  7293 | D:8      | Reached skill level 10 in Dodging
  7555 | D:9      | Noticed a manticore
  7780 | D:7      | Noticed an ogre mage
  7876 | D:7      | Killed an ogre mage
  7972 | D:7      | Quit the game

Skill      XL: |  1  2  3  4  5  6  7  8  9 10 11 |
---------------+----------------------------------+-----
Conjurations   | 2 3 4 5 6 8 10 11 | 11.0
Fire Magic     | 4 5 6 7 10 11 | 11.0
Fighting       | 2 3 4 5 6 9 |  9.1
Spellcasting   | 4 5 |  5.0
Evocations     | 2 |  2.0
Dodging        | 8 10 | 10.0
Stealth        | |  1.5

Action                   |  1- 3 |  4- 6 |  7- 9 | 10-12 || total
-------------------------+-------+-------+-------+-------++-------
Melee: Unarmed           |     2 |       |       |       ||     2
       Short sword       |     1 |     1 |       |       ||     2
       Dagger            |       |       |    36 |     4 ||    40
Throw: Stone             |    36 |    46 |    26 |    21 ||   129
 Cast: Flame Tongue      |    62 |   111 |   134 |   178 ||   485
       Conjure Flame     |       |     8 |     3 |     6 ||    17
       Fireball          |       |       |    36 |    52 ||    88
       Sticky Flame      |       |       |     3 |    22 ||    25
Invok: Potion Petition   |       |       |       |     1 ||     1
Evoke: Wand              |       |       |     1 |       ||     1
  Use: Scroll            |     1 |       |     1 |       ||     2
 Stab: Distracted        |       |       |     1 |       ||     1
       Paralysed         |       |       |     2 |       ||     2
  Eat: Chunk             |       |     5 |       |       ||     5
       Ration            |       |     1 |     2 |     2 ||     5
Armor: Skin              |    11 |     2 |    15 |    17 ||    45
Dodge: Dodged            |    20 |    25 |    64 |   117 ||   226
Block: Other             |     3 |     4 |    23 |    36 ||    66
